[Event "Levitov Chess Week 2023"]
[Site "Chess.com"]
[Date "2023.09.25"]
[Round "11"]
[White "Anand, Viswanathan"]
[Black "Mamedyarov, Shakhriyar"]
[Result "0-1"]
[WhiteElo "2745"]
[BlackElo "2711"]
[ECO "C60"]
[EventDate "2023.??.??"]
[Annotator "rafael"]
[PlyCount "48"]
[Beauty "8249692662362"]
[EventType "team-tourn"]
[TimeControl "600+5"]

1.e4 e5 2.Nf3 Nc6 3.Bb5 Nge7 {This is called the \"Cozio Variation.\" It's currently in vogue, being used by dynamic players who want to spice things up a bit when playing as Black. The white player needs to be ready for a large number of sub-variants when he places the bishop on b5 and chooses the Ruy Lopez (the best chess opening).} 4.Nc3 Ng6 5.h4 {Anand, as always, chooses a critical and sharp variation. He had recent experience against the Cozio as he faced his talented countryman Erigaisi last year, when he chose 5.d4.} ( 5.d4 Nxd4 6.Nxd4 exd4 7.Qxd4 c6 8.Bc4 ( 8.Be2 {is more accurate.} ) 8...b5 {with an acceptable position for Black in Anand-Erigaisi, EU-Cup 37th Mayrhofen 2022.} ) 5...Nd4 $1 ( 5...h5 {is also possible, but now White gets a slightly better version of the d4 pawn advance.} 6.d4 exd4 7.Nxd4 Nxd4 ( 7...Nxh4 {is dangerous:} 8.Nf5 Nxf5 9.exf5 {with the initiative.} ) 8.Qxd4 c6 9.Be2 Qb6 10.Qd3 {with advantage for White.} ) 6.Bc4 ( 6.h5 {is also critical, but Black seems to get a playable position. A recent example followed} 6...Nf4 7.Nxd4 exd4 8.Qf3 Bd6 {Tomczak-Pechac, POL-chT Ekstraliga Bydgoszcz 2022.} ) 6...h5 7.Ng5 ( 7.d3 {was Carlsen's choice in a blitz game, always something to take into account. Now Black should play} 7...c6 $1 {[%c_effect c6;square;c6;type;GreatFind;persistent;true] in order to play ...d5 or ...b5, with counterplay.} ( 7...Be7 $6 {[%c_effect e7;square;e7;type;Inaccuracy;persistent;true] was played in Carlsen-Tari, Norway Masters blitz 11th Stavanger 2023. Here White could have achieved an advantage with} 8.Be3 $1 ) ) 7...d5 $1 {[%c_effect d5;square;d5;type;GreatFind;persistent;true] A spectacular move that already poses a serious practical problem for White. It's no surprise that in every game I found in the database a losing move was now played, incidentally the same chosen by Anand in this game. Even against best play Black manages to get a decent position, which means that Mamedyarov's choice was not a pure and simple bluff, but an interesting and well-studied line that bore fruit.} ( 7...Ne6 {is the pragmatic move, but White gains the advantage after} 8.Qf3 f6 9.Nxe6 dxe6 10.d3 ) 8.Bxd5 $2 {[%c_effect d5;square;d5;type;Mistake;persistent;true] This is already a decisive mistake.} ( 8.Nxd5 $1 {[%c_effect d5;square;d5;type;GreatFind;persistent;true] is required. Complex variations follow, in which it's impossible to guide yourself without having studied with the computer.} 8...Nxh4 $1 ( 8...Bg4 $2 9.f3 Nxh4 10.d3 {with a decisive advantage for White.} ) ( 8...f6 $6 9.Nf3 {is bad for Black as well.} ) 9.d3 $1 Nxg2+ 10.Kf1 Bg4 11.f3 ( 11.Qxg4 {is also possible:} 11...hxg4 12.Rxh8 b5 {I won't pretend that I know what's happening here, but the computer evaluates the position as balanced.} ) 11...Nf4 12.Nxf4 exf4 13.Nxf7 Bxf3 $1 14.Nxd8 Bxd1 15.Nf7 Rh7 16.Bxf4 Bxc2 {and the complications continue.} ) 8...Bg4 $1 9.Bxf7+ ( 9.f3 {Initially, when I was analyzing the game without the machine, I thought this direct move might be better, but it also loses.} 9...Nxh4 10.d3 Be7 $1 {[%c_effect e7;square;e7;type;GreatFind;persistent;true] An important move.} ( 10...Nxg2+ $2 {[%c_effect g2;square;g2;type;Mistake;persistent;true] loses::} 11.Kf2 Nf4 12.Bxf4 exf4 13.Nxf7 ) 11.Nxf7 ( 11.Bxf7+ Kf8 {doesn't help White.} ) 11...Nhxf3+ $1 12.gxf3 Bh4+ $1 13.Kd2 ( 13.Kf1 Qf6 $1 14.Rxh4 Qxh4 15.fxg4 Qh1+ 16.Kf2 Qh2+ 17.Kf1 O-O {with a winning attack.} ) 13...Qf6 $1 {[%c_effect f6;square;f6;type;GreatFind;persistent;true] And now a nice final position arises after} 14.fxg4 Qf4# ) 9...Kd7 10.f3 Nxh4 $1 {[%c_effect h4;square;h4;type;GreatFind;persistent;true] This knight thrust is the point of Black's play.} 11.d3 ( 11.Rxh4 Qxg5 12.Rh1 Bxf3 $1 13.gxf3 Qg2 14.Rf1 Be7 {with mate soon to follow.} ) ( 11.fxg4 Qxg5 {with a decisive advantage.} ) 11...Nxg2+ 12.Kf1 {Only this is a new move.} ( 12.Kf2 Nf4 13.fxg4 Qxg5 14.Kg3 Bc5 15.Rh4 Raf8 16.Bc4 Nfe2+ {White resigned in Szpar-Nasuta, Warsaw Szansa Rapid op 2021.} ) 12...Nf4 {The knight comes back and serves another purpose: to attack its g5-colleague.} 13.Bxf4 ( 13.fxg4 Qxg5 ) 13...exf4 14.Ne2 ( 14.fxg4 Qxg5 {also leads to a winning position.} ) 14...Nxe2 15.Qxe2 Qxg5 16.fxg4 Bc5 ( 16...f3 $1 {[%c_effect f3;square;f3;type;GreatFind;persistent;true] is even more incisive:} 17.Qxf3 hxg4 18.Rg1 Bc5 19.Rxg4 Rh1+ 20.Ke2 ( 20.Qxh1 Qxg4 ) 20...Rh2+ 21.Kf1 Qe5 {with a completely winning position.} ) 17.gxh5 Ke7 {White's king continues to suffer a merciless attack and, as is well known, the presence of bishops of opposite colors makes things worse.} ( 17...Raf8 {is also good.} ) 18.d4 ( 18.Bb3 f3 19.Qh2 Bb6 {The result would be the same. Black just needs to double rooks on the h-file and capture on h5.} 20.Qh4 Rxh5 21.Qxg5+ Rxg5 {the attack continues even without queens.} ) 18...Bxd4 19.Bb3 f3 20.Qh2 Bb6 21.Qh3 ( 21.Qh4 Rxh5 $1 {[%c_effect h5;square;h5;type;GreatFind;persistent;true] again works.} ) 21...Rh6 22.Rd1 Rd8 {Exchanging an important defender of White's precarious position.} 23.c3 Rxd1+ 24.Bxd1 Qd2 {Brilliant opening preparation by Mamedyarov.} ( 24...Qd2 25.Qxf3 Rf6 ) 0-1

[Event "Main Event"]
[Site "Chess.com"]
[Date "2023.09.06"]
[Round "1"]
[White "Nihal, Sarin"]
[Black "Sarana, Alexey"]
[Result "1-0"]
[WhiteElo "3145"]
[BlackElo "3063"]
[ECO "D02"]
[EventDate "2023.??.??"]
[Annotator "rafael"]
[PlyCount "73"]
[Beauty "7905159693342"]
[EventType "schev"]
[EventRounds "2"]
[TimeControl "300+1"]

1.d4 Nf6 2.Nf3 d5 3.Bf4 {The good, old London System. Innocent in appearance, dangerous in essence. One day, the chess world will recognize its true value. Until then, my job as a commentator is to criticize it every time it is played.} 3...e6 4.e3 Bd6 5.Nbd2 O-O 6.c3 c5 7.Bd3 b6 ( 7...Bxf4 $1 {[%c_effect f4;square;f4;type;GreatFind;persistent;true] is a critical test of White's opening.} 8.exf4 cxd4 9.Nxd4 ( 9.cxd4 Nc6 {followed by Qb6, with a good position for Black.} ) 9...Qc7 10.g3 e5 11.fxe5 Qxe5+ 12.Qe2 Qc7 {with a good version of an isolated queen's pawn position for Black, as played in Nihal-Ding, Chess.com (blitz) 2022.} ) 8.Bxd6 {Other moves are possible:} ( 8.Qe2 {avoiding the immediate bishop exchange with ...Ba6, although Black can prepare it with a7-a5 first.} ) ( 8.Ne5 {keeping the dark-squared bishops on the board.} ) 8...Qxd6 9.Ne5 Ba6 $1 10.Bc2 $5 {[%c_effect c2;square;c2;type;Interesting;persistent;true] An aggressive and double-edged move. White keeps the dangerous bishop on the board, pointing at Black's king. This, however, comes at a cost: Black's a6-bishop is also very powerful and hinders White's ability to castle kingside.} ( 10.Bxa6 {has been played a few times. The position is equal after} 10...Nxa6 11.O-O Nb8 12.f4 Nc6 ) 10...Nfd7 $6 {[%c_effect d7;square;d7;type;Inaccuracy;persistent;true] Black decides to close the opponent's bishop diagonal with f7-f5, but this is not the best plan.} ( 10...Nc6 11.f4 Rac8 {is better. This was played in Asadli-Durarbayli, WCh Blitz Almaty 2022.} ) 11.f4 f5 12.Qh5 {The queen is not so useful on h5.} ( 12.Ndf3 {This is a natural and good move:} 12...Nc6 13.Nxc6 Qxc6 14.Qd2 {White can prepare the g4-advance with a better position.} ) 12...cxd4 {The change in the pawn structure helps White. It's better to keep the tension and move the knight to c6 immediately.} ( 12...Nc6 ) 13.exd4 Nc6 14.Nxd7 Qxd7 15.Nf3 $6 {[%c_effect f3;square;f3;type;Inaccuracy;persistent;true] This gives Black a tactical opportunity to improve his bishop.} ( 15.Qf3 {is better, followed by Qe3 and Nf3.} ) 15...Rac8 $6 ( 15...Qc7 $1 {[%c_effect c7;square;c7;type;GreatFind;persistent;true] is strong. This move attacks the f4-pawn and prepares Nc6-b4.} 16.g3 ( 16.Ne5 $2 Nxd4 ) ( 16.Qh4 Rf6 $1 {[%c_effect f6;square;f6;type;GreatFind;persistent;true] with the idea of playing Rh6.} ) 16...Nb4 $1 17.Bb1 Nd3+ 18.Bxd3 Bxd3 {The bishop goes to the excellent e4-square, and Black is fine.} ) 16.a3 Qd6 17.g3 {White now has a clear advantage. His pawn structure is better, and the pawn break on b4 (essentially Black's only plan) is very hard to achieve. Truth be told, it's also not so easy to break Black's solid position.} 17...Bc4 18.Kf2 Rf6 19.Ne5 Ba6 {The bishop going to c4 and coming back to a6 is proof that Sarana was having a hard time finding a plan.} 20.Rad1 Qc7 21.Nxc6 Qxc6 22.Qf3 Qb5 23.Rb1 Kh8 24.Rhe1 Rg8 25.h4 {Avoiding any g7-g5 attempts by Black, although now White cannot play g4 anymore.} 25...g6 26.Re3 Qd7 27.Rbe1 h5 28.Re5 Kg7 29.Qe3 Kf7 $2 {[%c_effect f7;square;f7;type;Mistake;persistent;true] The decisive mistake. White's plan is to break the position with c3-c4 at some point, and there's a way to avoid this for the time being.} ( 29...Bc8 $1 30.Bb3 Qc6 {It's not clear if White will be able to open the position successfully. Anyway, he can maneuver for a long time before taking action.} ) 30.Bb3 $1 {[%c_effect b3;square;b3;type;GreatFind;persistent;true] Threatening 31.Bxd5.} 30...Bb7 {The only defense.} 31.c4 $1 {[%c_effect c4;square;c4;type;GreatFind;persistent;true] Opening the game decisively.} 31...dxc4 32.Bxc4 Qc6 33.Bd5 $6 {[%c_effect d5;square;d5;type;Inaccuracy;persistent;true] This looks pretty and works as a charm in the game, but it's actually not the best.} ( 33.d5 $1 {[%c_effect d5;square;d5;type;GreatFind;persistent;true] is stronger. After} 33...Qxc4 34.Rc1 $1 {[%c_effect c1;square;c1;type;GreatFind;persistent;true] Black cannot move the queen due to 35.Rc7 and there's no fortress in sight after} 34...Qxc1 35.Qxc1 ) 33...exd5 $2 {[%c_effect d5;square;d5;type;Mistake;persistent;true] The final mistake.} ( 33...Qc2+ $1 {[%c_effect c2;square;c2;type;GreatFind;persistent;true] is the only chance. Black can still fight to save the game after} 34.Re2 Qxe2+ 35.Qxe2 Bxd5 ) 34.Re7+ Kf8 35.Qe5 {A beautiful position, showing the strength of major pieces on an open file. The threat is (among others) 36.Rc7.} 35...Bc8 36.Rc7 $1 Qd6 37.Qe8# 1-0

[Event "Main Event"]
[Site "Chess.com"]
[Date "2023.09.09"]
[Round "1"]
[White "Firouzja, Alireza"]
[Black "Andreikin, Dmitry"]
[Result "1-0"]
[WhiteElo "3093"]
[BlackElo "3046"]
[ECO "D35"]
[EventDate "2023.??.??"]
[Annotator "rafael"]
[PlyCount "89"]
[Beauty "7353118228999"]
[EventType "schev"]
[EventRounds "2"]
[TimeControl "180+1"]

1.c4 e6 2.Nc3 d5 3.d4 Nf6 4.cxd5 exd5 5.Bg5 c6 6.e3 Bf5 7.Qf3 Bg6 8.Bxf6 Qxf6 9.Qxf6 gxf6 {An important endgame that has occurred in many Queen's Gambit Declined games. Black has a poor pawn structure, but it's unclear whether White can exploit the weaknesses to gain an advantage.} 10.Nf3 Nd7 11.Nh4 Nb6 ( 11...Be7 {is the most popular move.} ) 12.Be2 ( 12.f4 {Carlsen preferred this move when playing this position.} 12...f5 13.Bd3 Nc4 14.Bxc4 dxc4 15.Kf2 {with a small advantage in Carlsen-Sharafiev, Chess.com (rapid) 2017.} ) 12...Be7 ( 12...Nc4 13.Nxg6 hxg6 14.Bxc4 dxc4 15.Ke2 f5 {was equal in Giannetto-Palladino, ICCF email 2015.} ) 13.g3 Nc4 14.Bxc4 {A new move.} ( 14.Nxg6 hxg6 15.Bxc4 dxc4 16.h4 Kd7 17.Ke2 f5 {led to equality in Bescos Anzano-Manso Gil, email 2015.} ) 14...dxc4 15.e4 {White's idea is to play f3, castle queenside, maneuver the knight to f4, and then push the central pawns.} 15...b5 ( 15...O-O-O {It's better to castle since White can try to exploit the rook on the a-file after the move played in the game.} 16.O-O-O b5 ) 16.f3 ( 16.a4 $1 {[%c_effect a4;square;a4;type;GreatFind;persistent;true] is more dangerous for Black.} 16...b4 17.Nxg6 hxg6 18.Ne2 {followed by Rc1.} ) 16...h5 $6 {[%c_effect h5;square;h5;type;Inaccuracy;persistent;true] This move doesn't seem right. Black has a good position after} ( 16...O-O-O 17.O-O-O f5 $1 18.Nxf5 ( 18.exf5 $2 Bh5 {Black will capture the h4-knight and get the advantage.} ) 18...Bxf5 19.exf5 Bf6 ) 17.O-O-O ( 17.a4 $1 {[%c_effect a4;square;a4;type;GreatFind;persistent;true] is even better now.} ) 17...Rd8 ( 17...O-O-O $1 {[%c_effect c8;square;c8;type;GreatFind;persistent;true] Once again, the principle \"when in doubt, castle\" should be followed.} ) 18.Ne2 Rg8 19.Nf4 {White has completed his plan and is ready to play Rhe1 followed by e4-e5 or d4-d5. Andreikin tries to confuse his opponent.} 19...f5 $5 20.exf5 $6 ( 20.e5 $1 {[%c_effect e5;square;e5;type;GreatFind;persistent;true] is much better: the bishop on g6 is paralyzed and White has a bid advantage.} ) 20...Bxh4 21.gxh4 ( 21.fxg6 Bg5 {with an acceptable position for Black.} ) 21...Bxf5 22.Rhe1+ Kf8 23.Re5 Bd3 $1 {[%c_effect d3;square;d3;type;GreatFind;persistent;true] Andreikin defends very well.} 24.Nxd3 cxd3 25.Rxd3 Rg2 {Black has enough activity to equalize the game.} 26.Rxh5 Rxh2 $6 ( 26...Rd6 $1 {[%c_effect d6;square;d6;type;GreatFind;persistent;true] is more accurate:} 27.d5 Rxh2 {with equality.} ) 27.d5 $6 ( 27.Rh6 $1 {[%c_effect h6;square;h6;type;GreatFind;persistent;true] This move threatens the c6-pawn and poses difficult problems for Black.} ) 27...cxd5 $2 {[%c_effect d5;square;d5;type;Mistake;persistent;true] A blunder.} ( 27...Rd6 $1 {[%c_effect d6;square;d6;type;GreatFind;persistent;true] is necessary, with a likely draw.} ) 28.Rh8+ $1 Ke7 29.Rxd8 Kxd8 30.Rxd5+ Ke8 {This leaves the queenside unprotected, but the game also cannot be saved after} ( 30...Kc7 31.Rxb5 Rxh4 32.Rf5 Rh7 33.Kc2 {The number-one factor to fight for a draw in a rook endgame a pawn down is rook activity, something that Black is definitely lacking.} ) 31.Rxb5 Rxh4 32.Rb8+ Ke7 33.Rb7+ Ke6 34.Rxa7 Rh1+ 35.Kc2 Rh2+ 36.Kc3 Rf2 37.Ra6+ Ke5 38.Ra5+ Kf4 39.b4 $1 {[%c_effect b4;square;b4;type;GreatFind;persistent;true] White's pawns are much faster than Black's lonely warrior.} 39...Rxf3+ 40.Kc4 Rf1 41.b5 Rb1 42.Kc5 Ke5 43.b6 Rc1+ 44.Kb5 Kd6 45.Ra8 1-0

[Event "Main Event"]
[Site "Chess.com"]
[Date "2023.09.15"]
[Round "2"]
[White "Nihal, Sarin"]
[Black "Vachier Lagrave, Maxime"]
[Result "1-0"]
[WhiteElo "3117"]
[BlackElo "3161"]
[ECO "D02"]
[EventDate "2023.??.??"]
[Annotator "rafael"]
[PlyCount "57"]
[Beauty "8249692663303"]
[EventType "schev"]
[EventRounds "2"]
[TimeControl "300+1"]

1.d4 Nf6 2.Nf3 d5 3.c3 c6 4.Qc2 {A curious little move that Nihal has played before. The idea is to avoid the development of Black's bishop on f5.} 4...g6 {Preparing the to develop the bishop on f5 anyway. The problem is that Black's dark-squared bishop won't be so well placed on g7. To be honest, developing the light-squared bishop to f5 is not such a great idea either since there's a pawn on g6. That said, the move is still perfectly playable.} ( 4...Bg4 {is a natural alternative and was played against Nihal in a rapid game.} 5.Ne5 Bh5 6.Bf4 Nbd7 7.e3 e6 8.Qb3 Qb6 {with equality in Nihal-Harikrishna, ESP-chT Toledo (rapid) 2022.} ) 5.Bf4 Bg7 6.e3 Bf5 7.Qb3 Qb6 8.c4 {A new move.} ( 8.h3 {with the idea of playing g2-g4, disturbing the bishop, was played in Ter Sahakyan-Sarana, Olympic E-sports (blitz) 2023.} ) 8...Nbd7 ( 8...Na6 $5 {[%c_effect a6;square;a6;type;Interesting;persistent;true] It's also possible to develop the knight here. A knight on the rim is not always dim, especially when it can soon go to a more active square (in this case, b4).} ) 9.Nc3 O-O 10.h3 h5 {A natural reaction, trying to take the sting out of the g2-g4 push. There was a better move, however.} ( 10...Qa5 $1 {[%c_effect a5;square;a5;type;GreatFind;persistent;true] exploiting the e1-a5 diagonal and the pin on the c3-knight gives Black an excellent position.} 11.Rc1 ( 11.Be2 dxc4 $1 12.Bxc4 b5 13.Be2 Be6 14.Qc2 b4 15.Qa4 Qb6 {followed by c6-c5.} ) 11...dxc4 12.Bxc4 b5 13.Be2 Be6 {with good counterplay.} ) 11.Be2 Qxb3 $6 {[%c_effect b3;square;b3;type;Inaccuracy;persistent;true] A positional mistake. It's better to capture on c4 before exchanging queens.} ( 11...dxc4 $1 12.Bxc4 Qxb3 13.Bxb3 c5 $1 {[%c_effect c5;square;c5;type;GreatFind;persistent;true] with a good position.} ) 12.axb3 {Now White has a more comfortable position. The a-file is open for White's rook, and Black cannot capture on c4 since it leaves White with a much better pawn structure.} 12...a6 13.O-O Rfc8 14.Rfc1 {White's moves are natural and easy.} 14...Be6 {A strange move and proof that it's not easy for Black to find a plan.} ( 14...Ne4 {is a possibility in order to exchange pieces.} 15.cxd5 Nxc3 16.bxc3 cxd5 {with a slight advantage for White due to the better pawn structure: one pawn island against two.} ) 15.c5 {A natural reaction in a blitz game. Nihal has a clear plan now: he wants to play b3-b4, followed by the Nd2-Nb3-Na5 maneuver, all very thematic in these types of positions.} ( 15.Ng5 {forces the bishop back, but it's not such a big deal.} 15...Bf5 ) ( 15.Ra5 $5 {[%c_effect a5;square;a5;type;Interesting;persistent;true] My computer is very happy with this move, indicating a good advantage for White. The machine is saving Nf3-g5 for later. The rook presses the d5-pawn from the side.} ) 15...Nf8 ( 15...Bf5 {Black should consider returning the bishop immediately to play ...Ne4.} ) 16.b4 N6d7 17.Nd2 {Black's last moves look a bit passive, but there's a way to make sense of them: he should now play 17...f6, followed by Bf7 and e7-e5.} 17...Bf5 $2 {[%c_effect f5;square;f5;type;Mistake;persistent;true] This move loses precious time.} ( 17...f6 $1 18.Nb3 Bf7 19.Na5 e5 20.Bg3 Rcb8 {followed by Nf8-e6, although White is better.} ) 18.g4 hxg4 19.hxg4 Be6 20.Nb3 {White completes his plan and has a winning positional advantage. Black's pieces will be tied to the defense of the b7-pawn.} 20...Nf6 21.f3 Bd7 22.Na5 ( 22.Na4 {is even better.} ) 22...Ra7 23.Kf2 {It's always good to bring the king closer to the center, especially when your opponent is paralyzed.} 23...Ne8 {Allowing a pretty finish.} 24.b5 $3 {[%c_effect b5;square;b5;type;Brilliant;persistent;true] A decisive break.} 24...axb5 {This loses an exchange, but the alternative doesn't help.} ( 24...cxb5 25.Nxd5 ) 25.Nxc6 $1 {[%c_effect c6;square;c6;type;GreatFind;persistent;true] this is the point of White's previous move.} 25...bxc6 ( 25...Rxa1 26.Nxe7+ ) 26.Rxa7 f6 27.Bxb5 $1 {[%c_effect b5;square;b5;type;GreatFind;persistent;true] The demolition of Black's pawn structure continues.} 27...cxb5 28.Nxd5 Kf7 29.Nb6 {The c-pawn is ready to march up the board, and Vachier-Lagrave decided enough was enough.} 1-0